 Dungeon Crawl Stone Soup version 0.14.1 (webtiles) character file.

508 Alteisentier the Agent of Entropy (level 7, -4/52 HPs)
             Began as a Formicid Abyssal Knight on Apr 29, 2014.
             Was a Priest of Lugonu.
             Slain by Grinder (6 damage)
             ... on Level 4 of the Dungeon.
             The game lasted 00:13:05 (3710 turns).

Alteisentier the Agent of Entropy (FoAK)            Turns: 3710, Time: 00:13:06

HP  -4/52        AC  7     Str 19      XL: 7   Next:  7%
MP  15/15        EV  6     Int 11      God: Lugonu [***...]
Gold 120         SH 17     Dex 10      Spells:  0 memorised,  6 levels left

rFire  + . .     SeeInvis +     a - +1 mace
rCold  . . .     Clarity  .     d - +0 scale mail
rNeg   . . .     Conserve .     x - +0 shield
rPois  .         rCorr    .     (helmet unavailable)
rElec  .         rRot     .     (no cloak)
SustAb . .       Spirit   .     (no gloves)
rMut   .         Warding  .     (no boots)
Saprov . . .     Stasis   +     (no amulet)
MR     .....                    (no ring)
                                k - ring of protection from fire

@: not resistant to hostile enchantments, extremely unstealthy
A: permanent stasis, dig shafts and tunnels, four strong arms, antennae 3
a: Dig, Shaft Self, Depart the Abyss, Bend Space, Banish, Renounce Religion


You were on level 4 of the Dungeon.
You worshipped Lugonu.
Lugonu was most pleased with you.
You were not hungry.

You visited 1 branch of the dungeon, and saw 4 of its levels.
You visited the Abyss 1 time.

You collected 120 gold pieces.

Inventory:

Hand weapons
 a - a +1,+1 mace (weapon)
Armour
 d - a +0 scale mail (worn)
 x - a +0 shield (worn)
Comestibles
 c - 2 bread rations
 l - a honeycomb
 n - 2 meat rations
 u - a lychee
 v - 2 apples
 B - a choko
Scrolls
 b - 2 scrolls of recharging {unknown}
 g - a scroll of amnesia {unknown}
 h - 5 scrolls of remove curse
 i - a scroll of enchant armour {unknown}
 m - a scroll of blinking {unknown}
 q - 4 scrolls of random uselessness {unknown}
 r - 5 scrolls of fear {unknown}
 s - a scroll of magic mapping {unknown}
 w - 5 scrolls of identify
 y - a scroll of immolation {unknown}
Jewellery
 k - a ring of protection from fire (left hand)
 p - an uncursed ring of wizardry
Potions
 f - 2 potions of heal wounds
 z - a potion of curing
 A - a potion of brilliance {unknown}
 C - a potion of lignification {unknown}
Books
 e - a book of Geomancy

   Spells                             Type                      Level
   Sandblast                          Earth                        1
   Stoneskin                          Transmutation/Earth          2
   Passwall                           Transmutation/Earth          3
   Stone Arrow                        Conjuration/Earth            3
   Petrify                            Transmutation/Earth          4
   Lee's Rapid Deconstruction         Earth                        5
 t - a book of War Chants

   Spells                             Type                      Level
   Fire Brand                         Charms/Fire                  2
   Freezing Aura                      Charms/Ice                   2
   Shroud of Golubria                 Charms/Translocation         2
   Repel Missiles                     Charms/Air                   2
   Poison Weapon                      Charms/Poison                3
   Regeneration                       Charms/Necromancy            3


   Skills:
 - Level 3.2 Fighting
 + Level 4.2 Maces & Flails
 - Level 4.1 Armour
 - Level 0.8 Dodging
 + Level 2.1 Shields
 + Level 5.1 Invocations


You had 6 spell levels left.
You didn't know any spells.

Dungeon Overview and Level Annotations

Branches:
Dungeon (4/15)
 Temple: D:4-7

Altars:
Ashenzari

Annotations:
D:4 Grinder


Innate Abilities, Weirdness & Mutations

Your are under a permanent stasis effect.
You can dig through walls and to a lower floor.
Your four strong arms can wield two-handed weapons with a shield.
You have a pair of large antennae on your head (SInv).


Message History

You writhe in agony.
* * * LOW HITPOINT WARNING * * *
You are too injured to fight recklessly!
You are too injured to fight recklessly!
You are too injured to fight recklessly!
You are too injured to fight recklessly!
You are too injured to fight recklessly!
You are too injured to fight recklessly!
You are too injured to fight recklessly!
You are too injured to fight recklessly!
You closely miss Grinder.
Grinder is moderately wounded.
Grinder hits you.
* * * LOW HITPOINT WARNING * * *
You writhe in agony.
* * * LOW HITPOINT WARNING * * *
Grinder hits you.
* * * LOW HITPOINT WARNING * * *
You writhe in agony.
You die...

..######......#.#######.#....#
..########...##.# #.#....#
..........#####.# #.##...#
######....# #(# #......#
#......# #.# #......#
####......# #.# .......##
...#......# #.# #...<#...#
..)..((.#.#####.####....##..#
..).............@5......##..#
............................#
###...###.#####.##...##. ..#
#...# #.# #.. ?..... #...# #.#
### ..##. #...# #.# ### #####
#.# #.# #.#


You could see Grinder.

Vanquished Creatures
  The ghost of patrikchr the Shooter, an average HEHu (D:3)
  A scorpion (D:4)
  Natasha (D:4)
  12 adders
  A giant mite (D:2)
  A worm (D:3)
  2 giant geckos
  2 oozes (D:2)
  An orc (D:3)
  7 ball pythons
  7 hobgoblins
  9 kobolds
  A quokka (D:2)
  8 bats
  5 giant cockroaches
  2 giant newts
  13 goblins
  An orc skeleton (D:4)
  A quokka skeleton (D:4)
  8 rats
84 creatures vanquished.

Notes
Turn   | Place    | Note
--------------------------------------------------------------
     0 | Abyss:1  | Alteisentier, the Formicid Abyssal Knight, began the quest for the Orb.
     0 | Abyss:1  | Reached XP level 1. HP: 18/18 MP: 1/1
   103 | Abyss:1  | Noticed an ancient zyme
   104 | D:1      | Escaped the Abyss
   216 | D:1      | Reached XP level 2. HP: 10/24 MP: 3/3
   229 | D:1      | Acquired Lugonu's first power
  1080 | D:1      | Reached XP level 3. HP: 29/29 MP: 5/5
  1399 | D:2      | Acquired Lugonu's second power
  1432 | D:3      | Reached XP level 4. HP: 19/35 MP: 5/7
  1491 | D:3      | Noticed patrikchr's ghost (average HEHu)
  1514 | D:3      | Killed patrikchr's ghost
  1514 | D:3      | Reached skill level 4 in Armour
  1514 | D:3      | Reached XP level 5. HP: 41/41 MP: 9/11
  1552 | D:3      | Found a shattered altar of Ashenzari.
  1664 | D:3      | Reached XP level 6. HP: 32/47 MP: 12/12
  2302 | D:2      | Reached skill level 1 in Shields
  2726 | D:2      | Acquired Lugonu's third power
  3050 | D:4      | Noticed Natasha
  3059 | D:4      | Killed Natasha
  3205 | D:4      | Reached skill level 5 in Invocations
  3205 | D:4      | Reached XP level 7. HP: 16/52 MP: 15/15
  3694 | D:4      | Noticed Grinder
  3710 | D:4      | HP: 2/52 [Grinder (2)]
  3710 | D:4      | Slain by Grinder

Action                   |  1- 3 |  4- 6 |  7- 9 || total
-------------------------+-------+-------+-------++-------
Melee: Mace              |   110 |   197 |    45 ||   352
Invok: Depart the Abyss  |     1 |       |       ||     1
  Use: Scroll            |     3 |     2 |       ||     5
       Potion            |       |     2 |     4 ||     6
